 Dungeon Crawl Stone Soup version 0.29.1-2-gbd0b4ee654 (webtiles) character file.

Game seed: 17567786762770335754

271 qeuew the Covert (level 6, 0/41 HPs)
             Began as an Octopode Brigand on Nov 3, 2022.
             Killed by divine providence
             ... invoked by an orc priest
              (10 damage)
             ... on level 3 of the Dungeon.
             The game lasted 00:03:29 (1745 turns).

qeuew the Covert (Octopode Brigand)                 Turns: 1745, Time: 00:03:30

Health: 0/41       AC:  5    Str: 10    XL:     6   Next: 23%
Magic:  6/6        EV: 13    Int: 14    God:
Gold:   46         SH:  0    Dex: 15    Spells: 5/5 levels left

rFire   . . .      SeeInvis .   a - +3 dagger
rCold   . . .      Faith    .   (no shield)
rNeg    . . .      Spirit   .   (helmet restricted)
rPois   .          Reflect  .   (no amulet)
rElec   .          Harm     .   l - +4 ring of protection
rCorr   .          Rampage  .   (no ring)
Will    .....                   (no ring)
Stlth   +++++.....              (no ring)
HPRegen 0.13/turn               (no ring)
MPRegen 0.10/turn               (no ring)
                                (no ring)
                                (no ring)

@: no status effects
A: almost no armour, amphibious, 8 rings, camouflage 1, gelatinous body 1,
(nimble swimmer 1), tentacles
a: no special abilities


You were on level 3 of the Dungeon.
You visited 1 branch of the dungeon, and saw 3 of its levels.

You collected 46 gold pieces.

Inventory:

Hand Weapons
 a - a +3 dagger (weapon)
Missiles
 b - 13 poisoned darts (quivered)
 c - 3 curare-tipped darts
Jewellery
 l - a +4 ring of protection (left tentacle)
Potions
 e - a potion of heal wounds
 j - a potion of might


   Skills:
 + Level 2.5 Fighting
 + Level 3.0 Short Blades
 + Level 2.6 Throwing
 + Level 1.2 Dodging
 + Level 8.8 Stealth


You had 5 spell levels left.
You didn't know any spells.
Your spell library contained the following spells:

 Spells                   Type           Power      Damage    Failure   Level
 Freeze                   Ice            0%         1d3       28%         1
 Frozen Ramparts          Ice            0%         1d1       65%         3
 Hailstorm                Conj/Ice       0%         3d3       96%         4


Dungeon Overview and Level Annotations

Branches:
Dungeon (3/15)

Altars:
Zin

Shops:
D:1 (


Innate Abilities, Weirdness & Mutations

You cannot wear most types of armour.
You are amphibious.
You can wear up to eight rings at the same time.
Your skin changes colour to match your surroundings (Stealth+).
Your rubbery body absorbs attacks. (AC +1, EV +1)
((You are camouflaged when in or above water. (Stealth+)))
You have tentacles for arms and can constrict up to eight enemies at once.


Message History

You closely miss the adder. Your grab misses the adder.
Your squeeze misses the adder.
The adder is almost dead.
The adder closely misses you. The orc priest closely misses you.
The orc hits you but does no damage. x2
You miss the adder. Your grab misses the adder.
The adder is almost dead.
The adder closely misses you. The orc hits you with a +0 mace.
The orc priest hits you with a +0 short sword.
The orc hits you with a +0 flail.
You hit the adder.
You kill the adder!
The orc hits you but does no damage.
The orc priest hits you with a +0 short sword.
The orc barely misses you.
You are too injured to fight recklessly!
You are too injured to fight recklessly!
You are too injured to fight recklessly!
You are too injured to fight recklessly!
You are too injured to fight recklessly!
You are too injured to fight recklessly!
You are too injured to fight recklessly!
You are too injured to fight recklessly!
You are too injured to fight recklessly!
You hit the dart slug. You grab the dart slug.
The dart slug is moderately wounded.
You constrict the dart slug, but do no damage.
The orc hits you with a +0 mace.
The orc priest hits you but does no damage.
The orc barely misses you. x2
You release your grip on the dart slug.
The orc attacks as you move away! The orc hits you but does no damage.
The orc attacks as you move away! The orc hits you with a +0 mace.
The dart slug launches a dart at you. The slug dart hits you.
* * * LOW HITPOINT WARNING * * *
The dart slug bites you but does no damage.
The orc priest invokes the aid of Beogh against you.
Beogh smites you!
You die...

#......#.....#
#............##..
#...###..###.#..#
###..(#..........
########......#.###.
##....o#.....).#.##
#!...)o...........##.
#......owo............
#........@....).......
#.............†......#
#....................#
#.........<...........
#...................##
##...>..........##..#
#.....##.....## ....
###### #####.# .#.


You could see an orc priest, a dart slug and 3 orcs.

Vanquished Creatures
  Sigmund (D:2)
  3 gnolls (D:2)
  4 adders
  A worm (D:2)
  A dart slug (D:2)
  An orc (D:3)
  5 endoplasms
  A giant cockroach (D:1)
  3 goblins (D:1)
  2 hobgoblins (D:1)
  3 jackals (D:1)
  5 kobolds
  A quokka (D:1)
  3 ball pythons (D:2)
  3 bats (D:1)
  A frilled lizard (D:1)
  5 rats
43 creatures vanquished.

Vanquished Creatures (others)
  3 plants (D:1)
3 creatures vanquished.

Grand Total: 46 creatures vanquished

Notes
Turn   | Place    | Note
-------+----------+-------------------------------------------
     0 | D:1      | qeuew the Octopode Brigand began the quest for the Orb.
     0 | D:1      | Reached XP level 1. HP: 14/14 MP: 1/1
   244 | D:1      | Reached XP level 2. HP: 19/19 MP: 2/2
   296 | D:1      | Found Zutsass's Antique Weapon Boutique.
   408 | D:1      | Reached skill level 6 in Stealth
   591 | D:1      | Found a faded altar of an unknown god.
   689 | D:1      | Reached XP level 3. HP: 24/24 MP: 3/3
   928 | D:2      | Noticed Sigmund
   929 | D:2      | Found a glowing silver altar of Zin.
   937 | D:2      | Killed Sigmund
   938 | D:2      | Reached skill level 8 in Stealth
   938 | D:2      | Reached XP level 4. HP: 19/30 MP: 4/4
   938 | D:2      | Reached XP level 5. HP: 22/35 MP: 5/5
  1369 | D:2      | Reached XP level 6. HP: 36/41 MP: 6/6
  1745 | D:3      | Killed from afar by an orc priest

Illustrated notes

Levels and vault maps discovered:
D:1:      scummos_arrival_simple_fountains, layout_loops_ring,
          basic_ecumenical_altar, serial_shops, nicolae_shop_waterfront,
          serial_bayou_ford_a
D:2:      layout_loops_cross, basic_altar, uniq_sigmund
D:3:      layout_rooms, ebering_ghost_sewer_d, minmay_misc_feat_tower,
          minmay_liquid_box, chequers_serial_rivers_room_b, nrook_loot_triangle

Skill      XL: |  1  2  3  4  5  6 |
---------------+-------------------+-----
Stealth        | 6 8 |  8.8
Short Blades   | 3 |  3.0
Fighting       | |  2.5
Throwing       | |  2.6
Dodging        | |  1.2

Action                   |  1- 3 |  4- 6 || total
-------------------------+-------+-------++-------
Melee: Dagger            |    40 |    34 ||    74
       Constrict         |     8 |     6 ||    14
       Tentacles         |     5 |     3 ||     8
       Punch             |     2 |       ||     2
Throw: Dart              |     2 |     4 ||     6
  Use: Scroll            |     4 |     2 ||     6
       Potion            |     3 |     2 ||     5
 Stab: Sleeping          |    11 |     9 ||    20
Armor: Skin              |     3 |     8 ||    11
Dodge: Dodged            |    19 |    16 ||    35
